 Dungeon Crawl Stone Soup version 0.29.1-12-g30fa7ad0bf (webtiles) character file.

Game seed: 8093773612092808754

170 sneakypete the Shield-Bearer (level 5, -7/36 (42) HPs)
             Began as a Formicid Fighter on Jan 13, 2023.
             Was a Plaything of Xom.
             Mangled by a sixfirhy (11 damage)
             ... summoned by Xom
             ... on level 6 of the Dungeon.
             The game lasted 00:12:17 (2151 turns).

sneakypete the Shield-Bearer (Formicid Fighter)     Turns: 2151, Time: 00:12:18

HP:   -7/36 (42)    AC:  8    Str: 23    XL:     5   Next: 80%
MP:   5/5           EV:  9    Int: 13    God:    Xom [......]
Gold: 151           SH:  5    Dex: 13    Spells: 4/4 levels left

rFire   . . .      SeeInvis +   q - +2 quarterstaff (chaos)
rCold   . . .      Faith    .   c - +0 buckler
rNeg    . . .      Spirit   .   b - +0 scale mail
rPois   .          Reflect  .   (helmet unavailable)
rElec   .          Harm     .   (no cloak)
rCorr   .          Rampage  .   (no gloves)
Will    .....                   e - +0 pair of boots
Stlth   ..........              (no amulet)
HPRegen 0.12/turn               f - +6 ring of intelligence
MPRegen 0.09/turn               (no ring)

@: heavily drained
A: permanent stasis, dig shafts and tunnels, antennae 3, four strong arms
a: Dig, Shaft Self, Renounce Religion


You were on level 6 of the Dungeon.
You worshipped Xom.
You were a very special plaything of Xom.
You visited 1 branch of the dungeon, and saw 4 of its levels.

You collected 151 gold pieces.

Inventory:

Hand Weapons
 a - a +0 war axe
 q - a +2 quarterstaff of chaos (weapon)
Armour
 b - a +0 scale mail (worn)
 c - a +0 buckler (worn)
 e - a +0 pair of boots (worn)
Magical Staves
 k - a staff of air
Jewellery
 f - a +6 ring of intelligence (left hand)
 t - a +4 ring of evasion
Scrolls
 i - a scroll of fear {unknown}
 l - a scroll of blinking {unknown}
 m - a scroll of identify {unknown}
 n - a scroll of vulnerability {unknown}
 p - a scroll of teleportation {unknown}
 r - a scroll of butterflies {unknown}
Potions
 d - 2 potions of might
 g - a potion of attraction {unknown}
 h - a potion of heal wounds {unknown}
 j - a potion of haste {unknown}
 o - 2 potions of berserk rage {unknown}
 s - 3 potions of brilliance {unknown}


   Skills:
 + Level 4.1 Fighting
 + Level 3.6 Axes
 + Level 0.9 Staves
 + Level 4.1 Armour
 + Level 0.5 Dodging
 + Level 0.5 Stealth
 + Level 4.6 Shields


You had 4 spell levels left.
You didn't know any spells.
Your spell library was empty.

Dungeon Overview and Level Annotations

Branches:
Dungeon (6/15)
 Temple: D:4-7

Altars:
Xom

Annotations:
D:3 Robin


Innate Abilities, Weirdness & Mutations

You cannot be hasted, slowed, berserked, paralysed or teleported.
You can dig through walls and to a lower floor.
You have a pair of large antennae on your head. (SInv)
Your four strong arms can wield two-handed weapons with a shield.


Message History

The goblin is engulfed in seething chaos.
The goblin hits you but does no damage. You block Robin's attack.
You sock the hobgoblin! You freeze the hobgoblin.
You kill the hobgoblin!
You block Robin's attack. The goblin hits you but does no damage.
Unknown command.
You sock the hobgoblin! You freeze the hobgoblin.
You kill the hobgoblin!
Robin throws the goblin at you! The goblin hits you but does no damage.
You block the hobgoblin's attack. The goblin hits you but does no damage.
Are you sure you want to shaft yourself?
You block Robin's attack. The goblin barely misses you.
The hobgoblin hits you but does no damage.
You begin to dig a shaft.
You continue digging a shaft.
Robin barely misses you.
The goblin hits you but does no damage. x2
The goblin barely misses you. The hobgoblin barely misses you.
A shaft appears beneath you!
You fall into a shaft and drop 3 floors!
The shaft crumbles and collapses.
Xom thinks this is hilarious!
Found 24 gold pieces.
Found an escape hatch in the ceiling.
There is a stone staircase leading down here.
You now have 140 gold pieces (gained 13).
Found 5 stones.
You now have 151 gold pieces (gained 11).
You start resting.
You feel a little less mighty now.
You start resting. "Let's see if it's strong enough to survive yet."
There are monsters nearby!
The sixfirhy hits you but does no damage.
The sixfirhy hits you. The sixfirhy shocks you!
The sixfirhy hits you but does no damage.
The sixfirhy barely misses you.
The shadow imp hits you but does no damage.
You barely miss the sixfirhy. You block the sixfirhy's attack.
The sixfirhy hits you!
* * * LOW HITPOINT WARNING * * *
The sixfirhy shocks you!
You die...

.# .. .# #. .. #.. .#
#.. .### #..# ... #
#..########.##.##.
###....@3..........
#....55....>.....<.
....##.###.##.##..###
.## ... #.##.# .#
#.## #..... # ##
#..#.## #..#.# #(.#.#
..#


You could see a sixfirhy (summoned), a quasit (summoned) and a shadow imp
(summoned).

Vanquished Creatures
  Crazy Yiuf (D:2)
  Natasha (thrice) (D:2)
  An adder (D:2)
  2 dart slugs
  7 endoplasms
  3 giant cockroaches
  8 hobgoblins
  A quokka (D:2)
  6 ball pythons
  6 bats
  2 frilled lizards
  8 goblins
  3 kobolds
  A rat (D:1)
52 creatures vanquished.

Notes
Turn   | Place    | Note
-------+----------+-------------------------------------------
     0 | D:1      | sneakypete the Formicid Fighter began the quest for the
                  | Orb.
     0 | D:1      | Reached XP level 1. HP: 18/18 MP: 1/1
   284 | D:1      | Reached XP level 2. HP: 21/24 MP: 2/2
   651 | D:1      | Reached XP level 3. HP: 30/30 MP: 3/3
  1045 | D:2      | Found a faded altar of an unknown god.
  1068 | D:2      | Prayed at the altar of an unknown god.
  1068 | D:2      | Became a worshipper of Xom of Chaos
  1258 | D:2      | Found a runed translucent door.
  1259 | D:2      | Noticed Crazy Yiuf
  1266 | D:2      | Killed Crazy Yiuf
  1267 | D:2      | Reached XP level 4. HP: 29/37 MP: 4/4
  1542 | D:2      | Noticed Natasha
  1552 | D:2      | Killed Natasha
  1575 | D:2      | Reached XP level 5. HP: 38/42 MP: 5/5
  1647 | D:2      | XOM: divination: detect creatures
  1657 | D:2      | Noticed Natasha
  1663 | D:2      | Killed Natasha
  1711 | D:2      | Noticed Natasha
  1723 | D:2      | Killed Natasha
  1739 | D:2      | XOM: noise
  1825 | D:2      | XOM: draining
  2012 | D:3      | Noticed Robin
  2014 | D:3      | XOM is BORED!
  2014 | D:3      | XOM: chaos cloud
  2026 | D:3      | You fall into a shaft and drop 3 floors!
  2149 | D:6      | XOM: summons 3 hostile demons
  2150 | D:6      | Noticed a sixfirhy
  2151 | D:6      | Mangled by a sixfirhy

Illustrated notes

Levels and vault maps discovered:
D:1:      dpeg_arrival_concentric_ovals, layout_loops_ring
D:2:      layout_basic, hellmonk_ecumenical_altar_slurped_away, uniq_natasha,
          uniq_crazy_yiuf_cottage
D:3:      layout_rooms, old_standard_altar, serial_shops, shop,
          nicolae_diamond_shop, kennysheep_generic_room_10, uniq_grinder,
          uniq_robin
D:6:      layout_loops_ring, mainiacjoe_overflow_concentric_impassable,
          lemuel_round_altar, trog_three_pillars_becter, nicolae_alphabet_shops,
          nicolae_stop_n_shop_1, kennysheep_nondescript, serial_park_tiny_1,
          nicolae_shop_vocational

Skill      XL: |  1  2  3  4  5 |
---------------+----------------+-----
Axes           | 3 |  3.6
Fighting       | 4 |  4.1
Armour         | 4 |  4.1
Staves         | |  0.9
Dodging        | |  0.5
Stealth        | |  0.5
Shields        | |  4.6

Action                   |  1- 3 |  4- 6 || total
-------------------------+-------+-------++-------
Melee: War axe           |    57 |       ||    57
       Quarterstaff      |       |    53 ||    53
 Abil: Shaft Self        |       |     1 ||     1
Armor: Scale mail        |    28 |    39 ||    67
Dodge: Dodged            |    28 |    39 ||    67
Block: Buckler           |     7 |    17 ||    24
